 Dungeon Crawl Stone Soup version 0.20.0-15-g7f486f2 (webtiles) character file.

14550 skittles the Arsonist (level 11, -2/74 HPs)
             Began as a Black Draconian Fire Elementalist on June 17, 2017.
             Was a Priest of Vehumet.
             Slain by a black mamba (13 damage)
             ... on level 1 of the Lair of Beasts.
             The game lasted 00:48:48 (15749 turns).

skittles the Arsonist (DrFE)                       Turns: 15749, Time: 00:48:49

Health: -2/74      AC:  8    Str: 12    XL:     11   Next: 90%
Magic:  19/33      EV: 11    Int: 21    God:    Vehumet [***...]
Gold:   707        SH:  0    Dex: 12    Spells: 4/29 levels left

rFire    . . .     SeeInvis .   U - +11 spear "Rinum" {speed, Int+2}
rCold    . . .     Gourm    .   (no shield)
rNeg     . . .     Faith    .   (armour unavailable)
rPois    +         Spirit   .   (helmet restricted)
rElec    +         Reflect  .   (no cloak)
rCorr    .         Harm     .   s - +0 pair of gloves
MR       .....     Clarity  +   (no boots)
Stlth    +.........             (no amulet)
Regen    0.3/turn               q - ring of poison resistance
MPRegen  0.3/turn               K - ring of magical power

@: heavily drained
A: breathe lightning, unfitting armour, hooves 1, clarity, electricity
resistance, strong 1, cold-blooded, AC +7
a: Breathe Lightning, Renounce Religion


You were on level 1 of the Lair of Beasts.
You worshipped Vehumet.
Vehumet was most pleased with you.
You were hungry.

You visited 3 branches of the dungeon, and saw 13 of its levels.
You also visited: Labyrinth and Ossuary.

You collected 707 gold pieces.

Inventory:

Hand Weapons
 U - the +11 spear "Rinum" (weapon) {speed, Int+2}
   (You found it on level 11 of the Dungeon)

   Attacks with this weapon are significantly faster.
   It affects your intelligence (+2).
Armour
 s - a +0 pair of gloves (worn)
Jewellery
 a - the amulet of Eternity {Harm *Drain rC- MR+ Dex+2}
   (You took it off a minotaur in a labyrinth)

   [amulet of harm]

   It increases damage dealt and taken.
   It affects your dexterity (+2).
   It makes you vulnerable to cold.
   It affects your resistance to hostile enchantments.
   It causes draining when unequipped.
 q - a ring of poison resistance (left hand)
 K - a ring of magical power (right hand)
Wands
 g - a wand of flame (26/48)
 o - a wand of confusion (37/48)
 z - a wand of iceblast (8/15)
 L - a wand of acid (2/15)
Scrolls
 c - a scroll of holy word {unknown}
 f - 7 scrolls of remove curse
 h - 4 scrolls of amnesia
 j - 3 scrolls of fear
 n - 4 scrolls of identify
 p - 3 scrolls of teleportation
 r - 4 scrolls of recharging
 A - 2 scrolls of magic mapping
 F - 6 scrolls of immolation
 P - a scroll of fog
 R - a scroll of summoning
Potions
 d - 2 potions of resistance
 e - 8 potions of curing
 i - 2 potions of haste
 l - 2 potions of lignification
 m - 3 potions of brilliance
 t - 2 potions of flight
 w - a potion of ambrosia
 H - 3 potions of berserk rage
 I - a potion of might
Miscellaneous
 S - a box of beasts
Comestibles
 b - 2 royal jellies
 k - 8 meat rations
 E - 8 bread rations
 V - 4 chunks of flesh


   Skills:
 - Level 1.7(0.5) Dodging
 - Level 1.7(0.5) Stealth
 + Level 9.5(8.1) Spellcasting
 + Level 10.1(8.6) Conjurations
 + Level 10.7(9.2) Fire Magic
 + Level 9.9(8.4) Air Magic


You had 4 spell levels left.
You knew the following spells:

 Your Spells              Type           Power        Failure   Level  Hunger
a - Flame Tongue          Conj/Fire      #####        1%          1    None
b - Conjure Flame         Conj/Fire      #####...     1%          3    None
c - Sticky Flame          Conj/Fire      #####...     1%          4    ###....
d - Fireball              Conj/Fire      #####.....   1%          5    #####..
e - Mephitic Cloud        Conj/Pois/Air  ####....     1%          3    None
f - Searing Ray           Conj           #####.       1%          2    None
g - Static Discharge      Conj/Air       #####...     1%          3    None
i - Call Imp              Summ           #.......     12%         2    None
p - Blink                 Tloc           N/A          12%         2    None


Dungeon Overview and Level Annotations

Branches:
Dungeon (11/15)            Temple (1/1) D:5            Lair (1/6) D:8
    Orc: D:9-12

Altars:
Ashenzari
Dithmenos
Elyvilon
Fedhas
Hepliaklqana
Makhleb
Okawaru
Qazlal
Ru
Vehumet
Xom
Zin
The Shining One
Beogh

Annotations:
D:3 Feta's ghost, amateur FoFi


Innate Abilities, Weirdness & Mutations

You can breathe wild blasts of lightning.
Your glossy black scales are hard. (AC +7)
You cannot fit into any form of body armour.
You are resistant to electric shocks. (rElec)
You are cold-blooded and may be slowed by cold attacks.
You have large cloven feet.
You possess an exceptional clarity of mind.
Your muscles are strong. (Str +2)


Message History

Aim: a wolf The sticky flame hits the wolf.
The wolf is moderately wounded.
The wolf is covered in liquid flames!
The black mamba burns!
The wolf burns!
The black mamba barely misses you. The wolf barely misses you.
The black mamba bites you!
Casting: Sticky Flame
Confirm with . or Enter, or press ? or * to list all spells.
Aiming: Sticky Flame
Press: ? - help, Shift-Dir - straight line, f/p - wolf
Aim: a wolf (heavily wounded, covered in liquid flames)
Okay, then.
The black mamba burns!
The wolf burns!
The wolf bites you!
* * * LOW HITPOINT WARNING * * *
The crocodile bites you!
* * * LOW HITPOINT WARNING * * *
You feel better.
You are feeling hungry.
The black mamba burns!
The wolf burns!
The black mamba bites you!
You die...

...♣♣........♣♣......##
♣......♣♣♣♣......#
♣♣........♣.......###
♣♣........♣♣.........##
......................#
♣........♣♣...#......## .
♣......♣♣♣♣..........## ..
♣♣....S..♣♣♣............
..♣♣.....h@.♣♣.............
.........t.................
♣♣........♣♣.....##...... .
♣♣.†....♣♣♣♣....##...... ...
♣.......♣♣♣♣............
.....♣♣........♣♣.............
#............................
#.......P#....#....#.....#...
####P########################


You could see a black mamba (burning), a crocodile and a wolf (burning).

Vanquished Creatures
  A minotaur (Lab)
  The ghost of Exporg the Impaler, a journeyman MfBe of Trog (D:10)
  2 two-headed ogres
  An unseen horror (D:11)
  The ghost of dobroeutro the Cleaver, a novice DsFi of Okawaru (D:7)
  A deep elf mage (D:8)
  Psyche (D:9)
  A centaur zombie (D:10)
  A spiny frog (Lair:1)
  A komodo dragon (Lair:1)
  A troll (D:9)
  Prince Ribbit (D:7)
  A hornet (D:11)
  3 hippogriffs
  A hippogriff (shapeshifter) (D:10)
  A spriggan (D:7)
  3 wraiths
  12 yaks
  Menkaure (D:7)
  2 water moccasins
  2 porcupines (D:8)
  4 ice beasts
  2 phantoms
  2 orc warriors (D:8)
  4 sky beasts
  3 black bears
  5 ogres
  9 centaurs
  5 crocodiles
  A big kobold (D:9)
  6 bullfrogs
  A gnoll sergeant (D:10)
  An elf skeleton (D:5)
  6 scorpions
  4 wights (Ossuary)
  3 howler monkeys (D:7)
  A bullfrog zombie (D:6)
  4 crimson imps
  2 jellies
  A quasit (D:10)
  5 hounds
  3 orc priests
  2 centaur skeletons
  3 bullfrog skeletons
  2 human skeletons (D:5)
  An iguana (D:10)
  4 orc wizards
  7 worker ants
  A hound zombie (D:5)
  A hound skeleton (D:8)
  A howler monkey zombie (D:5)
  12 gnolls
  9 adders
  3 shadow imps
  An ooze (D:3)
  2 worms (D:2)
  2 dart slugs
  6 leopard geckos
  22 orcs
  8 giant cockroaches
  8 goblins
  4 hobgoblins
  6 jackals
  6 quokkas
  2 ball pythons (D:4)
  2 ball python skeletons (Ossuary)
  10 bats
  3 frilled lizards
  2 hobgoblin zombies (Ossuary)
  A jackal zombie (D:6)
  7 kobolds
  3 orc skeletons
  3 orc zombies
  8 rats
263 creatures vanquished.

Vanquished Creatures (others)
  3 bushes (Lair:1)
  A fungus (D:8)
  2 plants (Lair:1)
6 creatures vanquished.

Grand Total: 269 creatures vanquished

Notes
Turn   | Place    | Note
-------+----------+-------------------------------------------
     0 | D:1      | skittles the Draconian Fire Elementalist began the quest for the Orb.
     0 | D:1      | Reached XP level 1. HP: 14/14 MP: 3/3
   656 | D:1      | Reached XP level 2. HP: 20/20 MP: 5/5
  1319 | D:2      | Reached XP level 3. HP: 24/26 MP: 6/6
  2321 | D:2      | Reached XP level 4. HP: 33/33 MP: 7/7
  2327 | D:2      | Learned a level 4 spell: Sticky Flame
  2331 | D:2      | Learned a level 3 spell: Conjure Flame
  2732 | D:3      | Found a shimmering altar of Xom.
  2821 | D:3      | Noticed Feta's ghost (amateur FoFi)
  2862 | D:3      | Reached XP level 5. HP: 35/38 MP: 4/9
  3772 | D:3      | Learned a level 2 spell: Call Imp
  3826 | D:4      | Noticed an ogre
  3876 | D:4      | Killed an ogre
  3876 | D:4      | Reached XP level 6. HP: 25/45 MP: 0/11
  4137 | D:4      | Reached skill level 5 in Fire Magic
  4398 | D:5      | Entered Level 5 of the Dungeon
  4548 | D:5      | Learned a level 2 spell: Blink
  4566 | D:5      | Found a sand-covered staircase.
  4753 | Ossuary  | Entered an ossuary
  4867 | Ossuary  | Your scales start taking on a glossy black colour.
  4867 | Ossuary  | Reached XP level 7. HP: 50/50 MP: 8/13
  4867 | Ossuary  | Gained mutation: You are resistant to electric shocks. (rElec) [Black Draconian growth]
  4967 | Ossuary  | Noticed a flying skull
  4967 | Ossuary  | Noticed a wraith
  4973 | Ossuary  | Noticed a flying skull
  4974 | Ossuary  | Noticed a flying skull
  5001 | Ossuary  | Noticed a flying skull
  5043 | Ossuary  | Noticed a wraith
  5055 | Ossuary  | Noticed a wraith
  5074 | Ossuary  | Killed a wraith
  5126 | Ossuary  | Killed a wraith
  5126 | Ossuary  | Reached skill level 5 in Spellcasting
  5126 | Ossuary  | Reached skill level 5 in Conjurations
  5453 | D:5      | Reached XP level 8. HP: 57/57 MP: 6/15
  5519 | D:5      | Learned a level 3 spell: Mephitic Cloud
  5616 | D:5      | Reached skill level 1 in Air Magic
  5750 | D:5      | Found a staircase to the Ecumenical Temple.
  5773 | Temple   | Entered the Ecumenical Temple
  5835 | Temple   | Became a worshipper of Vehumet
  7322 | D:6      | Reached * piety under Vehumet
  7322 | D:6      | Offered knowledge of Sandblast by Vehumet.
  7921 | D:7      | Reached XP level 9. HP: 52/62 MP: 18/18
  7973 | D:7      | Noticed dobroeutro's ghost (novice DsFi)
  7999 | D:7      | Killed dobroeutro's ghost
  8465 | D:7      | Learned a level 5 spell: Fireball
  8851 | D:7      | Reached skill level 5 in Air Magic
  9043 | D:7      | Noticed Prince Ribbit
  9051 | D:7      | Killed Prince Ribbit
  9053 | D:7      | Noticed Menkaure
  9058 | D:7      | Killed Menkaure
  9478 | D:8      | Found a staircase to the Lair.
  9631 | D:8      | Reached XP level 10. HP: 54/69 MP: 17/21
  9643 | D:8      | Gained mutation: Your muscles are strong. (Str +2) [potion of mutation]
  9643 | D:8      | Gained mutation: You have large cloven feet. [potion of mutation]
  9643 | D:8      | Gained mutation: You possess an exceptional clarity of mind. [potion of mutation]
 10314 | D:8      | Noticed a deep elf mage
 10318 | D:8      | Killed a deep elf mage
 10768 | D:8      | Reached ** piety under Vehumet
 10768 | D:8      | Offered knowledge of Searing Ray by Vehumet.
 10794 | D:8      | Found a roughly hewn altar of Beogh.
 10860 | D:8      | Learned a level 2 spell: Searing Ray
 10946 | D:8      | Noticed a two-headed ogre
 10967 | D:8      | Killed a two-headed ogre
 11119 | D:9      | Noticed a two-headed ogre
 11131 | D:9      | Killed a two-headed ogre
 11606 | D:9      | Reached XP level 11. HP: 17/74 MP: 8/23
 11982 | D:9      | Noticed Psyche
 11985 | D:9      | Killed Psyche
 12508 | D:10     | Entered Level 10 of the Dungeon
 12629 | D:10     | Noticed Exporg's ghost (journeyman MfBe)
 12733 | D:9      | Offered knowledge of Throw Frost by Vehumet.
 12742 | D:10     | Reached skill level 10 in Fire Magic
 12768 | D:10     | Reached *** piety under Vehumet
 13287 | D:10     | Killed Exporg's ghost
 14246 | D:11     | Offered knowledge of Static Discharge by Vehumet.
 14250 | D:11     | Found a labyrinth entrance.
 14273 | D:11     | Got a twisted spear
 14278 | D:11     | Learned a level 3 spell: Static Discharge
 14283 | D:11     | Identified the +11 spear "Rinum" {speed, Int+2} (You found it on level 11 of the Dungeon)
 14290 | Lab      | Entered a labyrinth
 14627 | Lab      | Noticed a minotaur
 14633 | Lab      | Killed a minotaur
 14636 | Lab      | Got a vibrating copper amulet
 14640 | Lab      | Identified the amulet of Eternity {Harm *Drain rC- MR+ Dex+2} (You took it off a minotaur in a labyrinth)
 15143 | D:11     | Noticed an unseen horror
 15148 | D:11     | Killed an unseen horror
 15148 | D:11     | Reached skill level 10 in Conjurations
 15306 | D:11     | Found a white marble altar of Elyvilon.
 15514 | D:11     | Noticed a phantasmal warrior
 15522 | D:11     | Noticed a purple ugly thing
 15523 | D:11     | Noticed a death knight
 15603 | Lair:1   | Entered Level 1 of the Lair of Beasts
 15748 | Lair:1   | HP: 3/74 [crocodile (16)]
 15749 | Lair:1   | Slain by a black mamba

Skill      XL: |  1  2  3  4  5  6  7  8  9 10 11 |
---------------+----------------------------------+-----
Conjurations   | 2 3 4 5 6 7 9 10 | 10.1
Fire Magic     | 4 5 6 7 8 9 10 | 10.7
Spellcasting   | 3 4 5 6 7 8 9 |  9.5
Air Magic      | 3 6 8 9 |  9.9
Dodging        | |  1.7
Stealth        | |  1.7

Action                   |  1- 3 |  4- 6 |  7- 9 | 10-12 || total
-------------------------+-------+-------+-------+-------++-------
Melee: Unarmed           |    41 |       |       |       ||    41
       Tailslap          |    24 |    13 |    23 |    12 ||    72
       Dagger            |   130 |       |       |       ||   130
       Quarterstaff      |    19 |   122 |     3 |       ||   144
       Great sword       |       |       |   149 |   131 ||   280
       Spear             |       |       |     2 |    26 ||    28
       Kick              |       |       |       |    40 ||    40
 Cast: Flame Tongue      |    33 |    31 |    34 |   102 ||   200
       Sticky Flame      |       |     5 |    25 |    41 ||    71
       Call Imp          |       |     1 |     1 |     1 ||     3
       Conjure Flame     |       |       |     2 |     8 ||    10
       Mephitic Cloud    |       |       |     1 |    12 ||    13
       Fireball          |       |       |       |    32 ||    32
       Blink             |       |       |       |     1 ||     1
       Searing Ray       |       |       |       |     1 ||     1
 Abil: Breathe Lightning |       |       |     2 |     3 ||     5
  Use: Potion            |     6 |       |       |     5 ||    11
       Scroll            |       |     6 |       |    16 ||    22
 Stab: Sleeping          |     8 |     4 |     5 |     1 ||    18
       Distracted        |       |       |       |     1 ||     1
  Eat: Chunk             |     5 |     4 |    11 |    24 ||    44
       Bread ration      |       |     1 |     1 |       ||     2
       Fruit             |       |       |     2 |     4 ||     6
       Royal jelly       |       |       |     2 |     2 ||     4
Armor: Skin              |    63 |    64 |    76 |   102 ||   305
Dodge: Dodged            |   156 |   101 |   128 |   199 ||   584
       Rpst.: Great sword |       |       |    41 |    46 ||    87
